cohdb
Replays
Latest Replays
All Replays
Popular Replays
Top Player Replays
Match Explorer
How It Works
Community
CoH3 Stats
Reddit
Sign in to upload your games and track your stats! →
Sign in with Steam
Match 42952984
Unlisted
Match 42952984
Overview
Messages
Build Orders
End
Kradschützen Motorcycle Team
Panzergrenadier Squad
Selects Italian Infantry
Panzergrenadier Squad
Panzergrenadier Squad
Construct Light Support Kompanie
Fire Support Elements
Selects Guastatori Squad
Selects L6/40 Light Tank Combat Group
Panzerjäger Squad
Assault Mechanized Group
L6/40 Light Tank Combat Group
Vehicle Survival Package
Selects Towed Cannone da 105/28 Field Howitzer
Towed Cannone da 105/28 Field Howitzer
Pak 38 Mechanized Group
Pak 38 Mechanized Group
Construct Panzerarmee Kommand
Selects Sound the Alarm
Panzer III L Medium Tank
Panzer III L Medium Tank
Selects Prepared Positions
Trudel
Wookie
Guru
Karl Müller
0
0
Comments
sign in to comment!
No comments posted yet!